 Dungeon Crawl Stone Soup version 0.26-a0-689-gc93c913f66 (webtiles) character file.

Game seed: 13083332797492058180

19878 Peloso the Carver (level 12, -12/106 HPs)
             Began as a Minotaur Fighter on Oct 23, 2020.
             Was the Champion of Okawaru.
             Mangled by a death ooze (18 damage)
             ... in a Gauntlet.
             The game lasted 00:34:59 (16636 turns).

Peloso the Carver (Minotaur Fighter)               Turns: 16636, Time: 00:35:00

Health: -12/106    AC: 21    Str: 24    XL:     12   Next: 40%
Magic:  12/12      EV: 10    Int:  5    God:    Okawaru [******]
Gold:   577        SH: 13    Dex: 12    Spells: 11/11 levels left

rFire    + + .     SeeInvis .   a - +4 falchion
rCold    + . .     Faith    +   c - +0 kite shield
rNeg     . . .     Spirit   .   P - +0 plate armour {rF+}
rPois    .         Reflect  .   Q - +2 hat
rElec    .         Harm     .   r - +2 cloak {rC+}
rCorr    .         Rampage  .   U - +2 pair of gloves {archery}
MR       .....     NoTele   +   t - +0 pair of boots
Stlth    ..........             g - amulet of faith
HPRegen  0.27/turn              H - ring of protection from fire
MPRegen  0.13/turn              q - +4 ring of protection

@: corroded, stab
A: retaliatory headbutt, horns 2
a: Heroism, Finesse, Renounce Religion


You were in a Gauntlet.
You worshipped Okawaru.
Okawaru was exalted by your worship.
You visited 1 branch of the dungeon, and saw 13 of its levels.
You also visited: Gauntlet and Ice Cave.

You collected 577 gold pieces.

Inventory:

Hand Weapons
 a - a +4 falchion (weapon)
 b - the +1 long sword of Animal Spirits {drain, Int+4}
   (Okawaru gifted it to you on level 10 of the Dungeon)

   A truly terrible weapon, it drains the life of those it strikes.
   It affects your intelligence (+4).
 L - the +3 great sword of the Wheel {vorpal, rElec rF- Int+3}
   (You found it on level 9 of the Dungeon)

   It inflicts extra damage upon your enemies.
   It affects your intelligence (+3).
   It makes you vulnerable to fire.
   It insulates you from electricity.
 R - the +9 battleaxe of the Muttering Bear {antimagic, *Slow +Fly rElec Int+3, unknown}
   (You found it in an ice cave)

   It reduces the magical energy of the wielder, and disrupts the spells and
   magical abilities of those hit.
   Natural abilities and divine invocations are not affected.
   It affects your intelligence (+3).
   It insulates you from electricity.
   It lets you fly.
   It may slow you when you take damage.
 V - a +1 vorpal hand crossbow
Armour
 c - a +0 kite shield (worn)
 o - a +2 scale mail of cold resistance
 r - a +2 cloak of cold resistance (worn)
 t - a +0 pair of boots (worn)
 P - a +0 plate armour of fire resistance (worn)
 Q - a +2 hat (worn)
 U - a +2 pair of gloves of archery (worn)
Jewellery
 g - an amulet of faith (around neck)
 m - an uncursed ring of positive energy
 q - a +4 ring of protection (right hand)
 v - an uncursed ring of magical power
 B - an uncursed ring of see invisible
 H - a ring of protection from fire (left hand)
 K - an uncursed amulet of magic regeneration {unknown}
 S - a cursed amulet of inaccuracy {unknown}
Wands
 A - a wand of paralysis (6)
 G - a wand of disintegration (22)
 J - a wand of iceblast (23)
 N - a wand of flame (22)
Scrolls
 e - a scroll of identify
 f - a scroll of fog
 i - a scroll of magic mapping
 j - 2 scrolls of enchant weapon
 k - 4 scrolls of amnesia
 l - 2 scrolls of immolation {unknown}
 n - 5 scrolls of teleportation
 x - 2 scrolls of fear
 y - 2 scrolls of blinking
 C - a scroll of holy word {unknown}
 F - a scroll of remove curse
 M - a scroll of summoning {unknown}
 O - 3 scrolls of vulnerability {unknown}
Potions
 d - 2 potions of might
 h - 4 potions of curing
 p - 4 potions of cancellation
 s - 2 potions of haste
 w - 5 potions of flight
 z - a potion of brilliance
 D - 2 potions of ambrosia
 E - a potion of heal wounds {unknown}
 I - a potion of resistance
 T - a potion of magic {unknown}


   Skills:
 + Level 9.8 Fighting
 + Level 13.3 Long Blades
 + Level 11.8 Armour
 + Level 6.4 Dodging
 + Level 1.1 Stealth
 + Level 12.9 Shields
 + Level 1.8 Invocations


You had 11 spell levels left.
You didn't know any spells.
Your spell library contained the following spells:

 Spells                   Type           Power        Failure   Level
 Animate Skeleton         Necr           #.....       100%        1
 Apportation              Tloc           #.....       100%        1
 Corona                   Hex            #......      100%        1
 Magic Dart               Conj           #...         100%        1
 Pain                     Necr           #...         100%        1
 Summon Small Mammal      Summ           #...         100%        1
 Blink                    Tloc           N/A          100%        2
 Call Imp                 Summ           #.......     100%        2
 Ensorcelled Hibernation  Hex/Ice        #.....       100%        2
 Slow                     Hex            #.......     100%        2
 Confusing Touch          Hex            #.......     100%        3
 Conjure Flame            Conj/Fire      #.......     100%        3
 Dazzling Flash           Conj/Hex       #.....       100%        3
 Gell's Gravitas          Tloc           #.........   100%        3
 Mephitic Cloud           Conj/Pois/Air  #.......     100%        3
 Tukima's Dance           Hex            #.......     100%        3
 Vampiric Draining        Necr           #.........   100%        3
 Animate Dead             Necr           #.........   100%        4
 Petrify                  Tmut/Erth      #.......     100%        4
 Agony                    Necr           #.......     100%        5
 Metabolic Englaciation   Hex/Ice        #.........   100%        5
 Summon Demon             Summ           #.........   100%        5
 Summon Forest            Summ/Tloc      #.........   100%        5
 Summon Mana Viper        Hex/Summ       #.......     100%        5
 Yara's Violent Unravell  Hex/Tmut       #.........   100%        5
 Shadow Creatures         Summ           N/A          100%        6
 Summon Hydra             Summ           #.........   100%        7


Dungeon Overview and Level Annotations

Branches:
Dungeon (13/15)            Temple (0/1) D:6            Lair (0/6) D:9
    Orc (0/2) D:10          IceCv (visited)         Gauntlet (1/1)
 Vaults: D:13-14

Altars:
Cheibriados
Hepliaklqana
Okawaru
Qazlal
Ru
Sif Muna
Yredelemnul

Annotations:
Gauntlet 9 transporters, 17 runed translucent doors


Innate Abilities, Weirdness & Mutations

You reflexively headbutt those who attack you in melee.
You have a pair of horns on your head.


Message History

The death ooze hits you but does no damage.
The death ooze barely misses you.
You block the large slime creature's attack.
Unknown command.
You barely miss the large slime creature.
The large slime creature is heavily wounded.
You block the death ooze's attack.
The death ooze hits you but does no damage.
Unknown command.
You hit the large slime creature but do no damage.
You headbutt the large slime creature.
The large slime creature is heavily wounded.
The death ooze hits you but does no damage.
The death ooze hits you!
* * * LOW HITPOINT WARNING * * *
You block the large slime creature's attack.
You slash the large slime creature!
The large slime creature is severely wounded.
The death ooze hits you!!
You die...

#≈#≈#≈#≈#≈#≈### #
##...........#≈### ###
#§.............#≈# #≈#
##..#########....### ###..
#≈..#.......#.....≈# #≈...
##..#.####..####..## ##..#
#≈..#.....#.#..#..§# #≈..#
##..####©J#.#©.#..## ##..#
#≈..#.$[#@#.#..#..≈###≈..#
##..##=.#J#.#..#..##≈##..# ###
#≈..#©#.#...#..#.........#
...###..#########..#.........#
##..##..........#..###########
.....#..#########..#...+..+..#
.#...#..#.....#Y#..#...+..+..#
#.©.#8.#)###.#p#..#..##++#++#
#...#..#.^.###Y#..#..'...+..#


You could see a death yak, a large slime creature, a death ooze and a
necromancer.

Vanquished Creatures
  A frost giant (IceCv)
  A death ooze (Gauntlet)
  Erolcha (D:10)
  2 two-headed ogres
  A fire crab (Gauntlet)
  An unseen horror (D:9)
  A manticore (D:12)
  An ice statue (IceCv)
  2 trolls
  12 polar bears (IceCv)
  3 hornets
  Grinder (D:5)
  6 slime creatures (D:12)
  A wraith (D:13)
  13 yaks
  A wyvern (D:8)
  2 steam dragons (D:8)
  4 fire bats (Gauntlet)
  Menkaure (D:5)
  A soldier ant (D:10)
  2 water moccasins
  4 sky beasts
  2 orc warriors
  6 ogres
  3 phantoms
  2 ice beasts (D:8)
  4 centaurs
  12 wolves (IceCv)
  A big kobold (D:11)
  3 bullfrogs
  3 scorpions
  6 killer bees (D:7)
  5 wights (D:8)
  A bullfrog zombie (D:9)
  5 howler monkeys
  2 centaur skeletons
  2 quasits (D:11)
  6 jellies
  8 hounds
  2 centaur zombies
  2 orc priests
  5 iguanas
  A bullfrog skeleton (D:9)
  6 orc wizards
  5 worker ants
  2 killer bee zombies (D:7)
  2 hound skeletons (D:7)
  15 gnolls
  2 howler monkey skeletons
  15 adders
  4 shadow imps
  14 white imps
  2 ufetubi
  5 worms
  A dart slug (D:3)
  7 leopard geckos
  18 orcs
  2 giant cockroaches (D:1)
  6 goblins
  10 hobgoblins
  12 jackals
  8 quokkas
  7 bats
  8 frilled lizards
  A jackal zombie (D:7)
  20 kobolds
  A leopard gecko zombie (D:9)
  2 quokka skeletons
  9 rats
327 creatures vanquished.

Vanquished Creatures (others)
  19 plants (D:1)
19 creatures vanquished.

Grand Total: 346 creatures vanquished

Notes
Turn   | Place    | Note
-------+----------+-------------------------------------------
     0 | D:1      | Peloso the Minotaur Fighter began the quest for the Orb.
     0 | D:1      | Reached XP level 1. HP: 19/19 MP: 0/0
   279 | D:1      | Reached XP level 2. HP: 27/27 MP: 1/1
  1185 | D:2      | Reached XP level 3. HP: 26/33 MP: 2/2
  1286 | D:2      | Reached skill level 3 in Long Blades
  1682 | D:1      | Reached XP level 4. HP: 24/40 MP: 3/3
  1972 | D:2      | Found a stormy altar of Qazlal.
  1974 | D:2      | Noticed an earth elemental
  1974 | D:2      | Noticed an air elemental
  1975 | D:2      | Noticed a fire elemental
  1975 | D:2      | Noticed a water elemental
  2576 | D:2      | Found a snail-covered altar of Cheibriados.
  2921 | D:2      | Reached XP level 5. HP: 19/47 MP: 4/4
  3147 | D:3      | Reached skill level 5 in Armour
  3261 | D:3      | Found an iron altar of Okawaru.
  3269 | D:3      | Became a worshipper of Warmaster Okawaru
  3391 | D:3      | Reached skill level 4 in Long Blades
  3849 | D:4      | Noticed an ogre
  3863 | D:4      | Killed an ogre
  3863 | D:4      | Reached skill level 1 in Dodging
  3863 | D:4      | Reached XP level 6. HP: 36/53 MP: 5/5
  4042 | D:4      | Reached skill level 5 in Long Blades
  4042 | D:4      | Reached skill level 5 in Shields
  4285 | D:4      | Reached * piety under Okawaru
  4734 | D:5      | Entered Level 5 of the Dungeon
  4774 | D:5      | Reached skill level 5 in Fighting
  4893 | D:5      | Reached skill level 6 in Long Blades
  4893 | D:5      | Reached XP level 7. HP: 56/61 MP: 6/6
  5234 | D:5      | Reached ** piety under Okawaru
  5310 | D:5      | Noticed Menkaure
  5318 | D:5      | Killed Menkaure
  5894 | D:5      | Noticed Grinder
  5896 | D:5      | Paralysed by Grinder for 2 turns
  5902 | D:5      | Paralysed by Grinder for 6 turns
  5914 | D:5      | Paralysed by Grinder for 2 turns
  5922 | D:5      | Paralysed by Grinder for 5 turns
  5940 | D:5      | Killed Grinder
  5940 | D:5      | Reached XP level 8. HP: 58/70 MP: 7/7
  6086 | D:5      | Reached *** piety under Okawaru
  6298 | D:6      | Found an iron altar of Okawaru.
  6312 | D:6      | Reached skill level 7 in Long Blades
  6445 | D:6      | Found Funecamn's Jewellery Shop.
  6465 | D:6      | Found a staircase to the Ecumenical Temple.
  6976 | D:6      | Reached skill level 8 in Long Blades
  7428 | D:7      | Reached **** piety under Okawaru
  7742 | D:7      | Reached XP level 9. HP: 65/78 MP: 8/8
  8519 | D:7      | Got a smoking golden ring
  8747 | D:8      | Noticed a two-headed ogre
  8760 | D:8      | Killed a two-headed ogre
  8760 | D:8      | Reached skill level 9 in Long Blades
  9016 | D:8      | Reached skill level 10 in Long Blades
  9030 | D:8      | Reached ***** piety under Okawaru
  9392 | D:8      | Reached XP level 10. HP: 74/88 MP: 9/9
  9510 | D:8      | Identified the ring of Kub Fatu {*Tele Stlth+} (You found
                  | it on level 7 of the Dungeon)
  9601 | D:8      | Found a sacrificial altar of Ru.
 10714 | D:9      | Found a basalt altar of Yredelemnul.
 10856 | D:9      | Found a stormy altar of Qazlal.
 10945 | D:9      | Noticed an unseen horror
 10950 | D:9      | Killed an unseen horror
 10950 | D:9      | Reached skill level 1 in Stealth
 11135 | D:9      | Reached skill level 11 in Long Blades
 11477 | D:9      | Found a staircase to the Lair.
 11720 | D:9      | Got an iridescent great sword
 11726 | D:9      | Identified the cursed +3 great sword of the Wheel {vorpal,
                  | rElec rF- Int+3} (You found it on level 9 of the Dungeon)
 11829 | D:9      | Found a shimmering blue altar of Sif Muna.
 11833 | D:9      | Found a hazy altar of Hepliaklqana.
 11888 | D:10     | Entered Level 10 of the Dungeon
 11911 | D:10     | Noticed Erolcha
 11920 | D:10     | Killed Erolcha
 11920 | D:10     | Reached ****** piety under Okawaru
 11920 | D:10     | Received a gift from Okawaru
 11920 | D:10     | Reached skill level 10 in Armour
 11931 | D:10     | Got a transparent long sword {god gift}
 11937 | D:10     | Identified the +1 long sword of Animal Spirits {drain,
                  | Int+4} (Okawaru gifted it to you on level 10 of the
                  | Dungeon)
 12479 | D:10     | Found a staircase to the Orcish Mines.
 13249 | D:11     | Noticed a two-headed ogre
 13258 | D:11     | Reached XP level 11. HP: 94/95 MP: 10/10
 13269 | D:11     | Killed a two-headed ogre
 13269 | D:11     | Reached skill level 10 in Shields
 13276 | D:11     | Reached skill level 12 in Long Blades
 13509 | D:11     | You fall into a shaft and drop 2 floors!
 13566 | D:13     | Found a frozen archway.
 13718 | IceCv    | Entered an ice cave
 13999 | IceCv    | Received a gift from Okawaru
 14216 | IceCv    | Reached skill level 1 in Invocations
 14515 | IceCv    | Noticed a frost giant
 14542 | IceCv    | Killed a frost giant
 14559 | IceCv    | Reached skill level 5 in Dodging
 14978 | IceCv    | Reached skill level 13 in Long Blades
 15263 | IceCv    | Got a slimy battleaxe
 15307 | IceCv    | Received a gift from Okawaru
 15643 | IceCv    | Reached XP level 12. HP: 100/105 MP: 12/12
 15963 | D:12     | Paralysed by a hornet for 1 turns
 15984 | D:12     | Paralysed by a hornet for 1 turns
 16020 | D:12     | Received a gift from Okawaru
 16026 | D:12     | Found a gate leading to a gauntlet.
 16037 | Gauntlet | Entered a Gauntlet
 16037 | Gauntlet | Found a transporter.
 16037 | Gauntlet | Found a transporter.
 16043 | Gauntlet | Found a transporter.
 16045 | Gauntlet | Found a transporter.
 16046 | Gauntlet | Found a transporter.
 16048 | Gauntlet | Found a transporter.
 16050 | Gauntlet | Found a large runed translucent door.
 16050 | Gauntlet | Found a large runed translucent door.
 16051 | Gauntlet | Found a large runed translucent door.
 16051 | Gauntlet | Found a large runed translucent door.
 16052 | Gauntlet | Found a large runed translucent door.
 16052 | Gauntlet | Found a large runed translucent door.
 16052 | Gauntlet | Found a runed translucent door.
 16052 | Gauntlet | Found a runed translucent door.
 16084 | Gauntlet | Found a large runed translucent door.
 16084 | Gauntlet | Found a large runed translucent door.
 16085 | Gauntlet | Found a large runed translucent door.
 16085 | Gauntlet | Found a large runed translucent door.
 16086 | Gauntlet | Found a runed translucent gate.
 16087 | Gauntlet | Found a runed translucent gate.
 16088 | Gauntlet | Found a runed translucent gate.
 16089 | Gauntlet | Found a transporter.
 16092 | Gauntlet | Found a transporter.
 16092 | Gauntlet | Found a transporter.
 16103 | Gauntlet | Noticed a death ooze
 16107 | Gauntlet | Found the ring of Shadows {Umbra +Inv Stlth+}
 16118 | Gauntlet | Found a transporter.
 16122 | Gauntlet | Noticed a death yak
 16122 | Gauntlet | Noticed a death yak
 16122 | Gauntlet | Identified the amulet "Ellircho" {Reflect +Blink MR+ SH+5}
 16123 | Gauntlet | Noticed a death yak
 16125 | Gauntlet | Found a transporter.
 16135 | Gauntlet | Found a transporter.
 16140 | Gauntlet | Noticed a dire elephant
 16149 | Gauntlet | Found a transporter.
 16161 | Gauntlet | Found a large runed translucent door.
 16162 | Gauntlet | Found a large runed translucent door.
 16162 | Gauntlet | Found a large runed translucent door.
 16163 | Gauntlet | Found a large runed translucent door.
 16163 | Gauntlet | Found a large runed translucent door.
 16163 | Gauntlet | Found a large runed translucent door.
 16172 | Gauntlet | Found a transporter.
 16172 | Gauntlet | Noticed a death ooze
 16261 | Gauntlet | Killed a death ooze
 16636 | Gauntlet | Mangled by a death ooze

Illustrated notes

Levels and vault maps discovered:
D:1:      scummos_arrival_forest, layout_basic, wad_woods_river_04
D:2:      layout_loops_ring, lemuel_coloured_pillars_altar,
          nicolae_qazlal_style_of_elements
D:3:      layout_rooms, kennysheep_okawaru_gauntlet
D:4:      layout_loops_cross, grunt_ministairs_3
D:5:      layout_gridville, uniq_grinder, uniq_menkaure
D:6:      layout_basic, temple_doors_ab, basic_altar, serial_shops,
          nicolae_shop_competitors_out_of_business
D:7:      layout_gridville
D:8:      cheibrodos_steamvent, layout_basic, basic_altar
D:9:      layout_loops_corners, minitemple, marbit_many_paths,
          yredelemnul_altar_generic, lair_entry_dummy
D:10:     layout_grid_maze, orc_0_dummy, uniq_erolcha
D:11:     layout_cave_pods, basic_altar
D:12:     minmay_chambers_of_sevens, layout_basic, gauntlet_entry_generic
D:13:     layout_grid_maze, portal_ice_cave_entry_imps,
          lemuel_mausoleum_altar_kikubaaqudgha
Gauntlet: gammafunk_gauntlet_mixed_choke_point
          [minmay_gauntlet_arena_77_two_lines,
          minmay_gauntlet_arena_77_tiled_triplets,
          minmay_gauntlet_arena_77_hold_the_fort,
          minmay_gauntlet_arena_make_your_own_arena,
          minmay_gauntlet_arena_77_chump_sandwich,
          minmay_gauntlet_arena_77_mirror,
          minmay_gauntlet_arena_77_radiant_squares,
          nicolae_gauntlet_exit_dead_adventurers]

Skill      XL: |  1  2  3  4  5  6  7  8  9 10 11 12 |
---------------+-------------------------------------+-----
Shields        | 4 5 7 8 9 11 12 | 12.9
Armour         | 4 5 6 7 8 10 11 | 11.8
Fighting       | 4 5 6 7 8 9 |  9.8
Long Blades    | 3 4 6 8 10 11 13 | 13.3
Dodging        | 1 2 3 5 6 |  6.4
Stealth        | 1 |  1.1
Invocations    | 1 |  1.8

Action                   |  1- 3 |  4- 6 |  7- 9 | 10-12 || total
-------------------------+-------+-------+-------+-------++-------
Melee: Long sword        |   127 |   196 |   341 |     8 ||   672
       Headbutt          |    27 |    37 |    77 |   189 ||   330
       Falchion          |       |       |    22 |   650 ||   672
       Great sword       |       |       |       |     8 ||     8
Invok: Heroism           |       |       |     4 |    13 ||    17
  Use: Potion            |     1 |       |     1 |     4 ||     6
       Scroll            |       |     4 |     3 |    12 ||    19
Armor: Scale mail        |    44 |    82 |    29 |   149 ||   304
       Chain mail        |       |       |    86 |       ||    86
       Plate armour      |       |       |    97 |   235 ||   332
Dodge: Dodged            |    24 |    48 |   117 |   318 ||   507
Block: Kite shield       |    44 |   119 |   257 |   525 ||   945
       Rpst.: Long sword |     6 |    10 |    33 |     1 ||    50
       Falchion          |       |       |       |    64 ||    64
       Great sword       |       |       |       |     1 ||     1

Table legend: (Time is in decaauts)
 A = Elapsed time spent in this place.
 B = Non-inter-level travel time spent in this place.
 C = Inter-level travel time spent in this place.
 D = Time resting spent in this place.
 E = Time spent auto-exploring this place.
 F = Levels seen in this place.
 G = Mean time per level.
                   A        B        C        D        E       F      G
               +--------+--------+--------+--------+--------+-----+--------+
         Total |  16587 |  16295 |    292 |   3770 |   9024 |  15 | 1105.8 |
       Dungeon |  13900 |  13608 |    292 |   2301 |   8559 |  13 | 1069.2 |
      Ice Cave |   2107 |   2107 |      0 |   1260 |    465 |   1 | 2107.0 |
      Gauntlet |    579 |    579 |      0 |    209 |      0 |   1 |  579.0 |
               +--------+--------+--------+--------+--------+-----+--------+

Top non-repeatable levels by time:
   IceCv: 2107 daAuts
     D:8: 1929 daAuts
     D:1: 1670 daAuts
     D:5: 1570 daAuts
     D:2: 1534 daAuts
     D:6: 1234 daAuts
     D:7: 1232 daAuts
     D:9: 1173 daAuts
    D:10: 952 daAuts
     D:4: 946 daAuts
     D:3: 699 daAuts
    D:11: 645 daAuts
Gauntlet: 579 daAuts
    D:13: 226 daAuts
    D:12: 83 daAuts
